 Dungeon Crawl Stone Soup version 0.28-a0-503-g83f2989fac (webtiles) character file.

Game seed: 16257076345717016294

59 siradein the Chopper (level 4, -3/37 HPs)
             Began as a Ghoul Gladiator on Sept 20, 2021.
             Slain by Sigmund (4 damage)
             ... on level 2 of the Dungeon.
             The game lasted 00:03:57 (1748 turns).

siradein the Chopper (Ghoul Gladiator)              Turns: 1748, Time: 00:03:57

Health: -3/37      AC: 11    Str: 17    XL:     4   Next: 3%
Magic:  3/3        EV:  5    Int:  3    God:
Gold:   43         SH:  0    Dex: 11    Spells: 3/3 levels left

rFire   . . .      SeeInvis .   a - +0 war axe
rCold   + . .      Faith    .   (no shield)
rNeg    + + +      Spirit   .   f - +0 plate armour
rPois   ∞          Reflect  .   c - +0 helmet
rElec   .          Harm     .   (no cloak)
rCorr   .          Rampage  .   (no gloves)
Will    .....                   (no boots)
Stlth   ..........              (no amulet)
HPRegen 0.00/turn               (no ring)
MPRegen 0.08/turn               (no ring)

@: confused, inhibited regen
A: claws 1, cold resistance 1, negative energy resistance 3, inhibited
regeneration, torment resistance 2
a: no special abilities


You were on level 2 of the Dungeon.
You visited 1 branch of the dungeon, and saw 2 of its levels.

You collected 43 gold pieces.

Inventory:

Hand Weapons
 a - a +0 war axe (weapon)
Missiles
 d - 3 throwing nets (quivered)
Armour
 c - a +0 helmet (worn)
 f - a +0 plate armour (worn)
Wands
 h - a wand of digging (3)
Scrolls
 b - a scroll of identify {unknown}
 g - 2 scrolls of immolation {unknown}
Potions
 e - a potion of degeneration {unknown}


   Skills:
 + Level 2.9 Fighting
 + Level 3.1 Axes
 + Level 2.4 Throwing
 + Level 1.0 Armour
 - Level 2.9 Dodging


You had 3 spell levels left.
You didn't know any spells.
Your spell library was empty.

Dungeon Overview and Level Annotations

Branches:
Dungeon (2/15)

Altars:
Trog

Shops:
D:1 *

Annotations:
D:2 Sigmund


Innate Abilities, Weirdness & Mutations

You thrive by killing the living.
You are immune to poison.
You have sharp fingernails.
Your flesh is cold resistant. (rC+)
You are immune to negative energy. (rN+++)
You do not regenerate when monsters are visible.
You are immune to unholy pain and torment.


Message History

You barely miss Sigmund.
Sigmund is moderately wounded.
Sigmund hits you with a +0 scythe.
You closely miss Sigmund.
Sigmund is moderately wounded.
Sigmund casts a spell at you. The magic dart hits you.
Your plate armour prevents you from hitting Sigmund.
Sigmund is moderately wounded.
Sigmund hits you with a +0 scythe.
You slash Sigmund!
Sigmund is heavily wounded.
Sigmund hits you with a +0 scythe.
You hit Sigmund.
Sigmund is severely wounded.
Sigmund barely misses you.
You hit Sigmund but do no damage.
Sigmund is severely wounded.
Sigmund hits you with a +0 scythe!
You are too injured to fight recklessly!
You are too injured to fight recklessly!
You are too injured to fight recklessly!
You are too injured to fight recklessly!
You completely miss Sigmund.
Sigmund is severely wounded.
Sigmund gestures at you while chanting.
You are confused.
You closely miss Sigmund.
Sigmund is severely wounded.
Sigmund hits you with a +0 scythe!
* * * LOW HITPOINT WARNING * * *
Sigmund hits you but does no damage.
There is a stone staircase leading up here.
You bump into the rock wall.
You bump into the rock wall.
Sigmund casts a spell at you. You resist with some effort.
You bump into the rock wall.
Sigmund hits you from afar with a +0 scythe.
You die...

........###
###.......#######
###...........#
#..#######...
#......## ..#
#.####..# #÷#
##.#####.###.#########
......................
##.######..@[@÷...###
#.# ##..##)#### ..
##.##.......< ..
#.###...#### #.# >#..#
#.. .##.# #.. ## .#
...# . .


You could see Sigmund.

Vanquished Creatures
  Robin (D:2)
  2 dart slugs
  6 ball pythons
  An endoplasm (D:1)
  2 giant cockroaches (D:1)
  8 goblins
  11 hobgoblins
  A quokka (D:2)
  2 bats (D:1)
  A frilled lizard (D:1)
  3 kobolds (D:1)
  2 rats (D:1)
40 creatures vanquished.

Notes
Turn   | Place    | Note
-------+----------+-------------------------------------------
     0 | D:1      | siradein the Ghoul Gladiator began the quest for the Orb.
     0 | D:1      | Reached XP level 1. HP: 17/17 MP: 0/0
    86 | D:1      | Found a bloodstained altar of Trog.
   352 | D:1      | Reached XP level 2. HP: 24/25 MP: 1/1
   381 | D:1      | Found Otoddik's General Store.
  1137 | D:2      | Noticed Robin
  1273 | D:1      | Reached skill level 3 in Axes
  1273 | D:1      | Reached XP level 3. HP: 28/30 MP: 2/2
  1379 | D:2      | Killed Robin
  1380 | D:2      | Reached skill level 1 in Armour
  1458 | D:2      | Reached XP level 4. HP: 32/37 MP: 3/3
  1519 | D:2      | Noticed Sigmund
  1744 | D:2      | HP: 1/37 [Sigmund (11)]
  1748 | D:2      | Slain by Sigmund

Illustrated notes

Levels and vault maps discovered:
D:1:      lemuel_arrival_behind_the_door_small, layout_basic, serial_shops,
          shop, kennysheep_nondescript, chequers_mini_garden,
          kennysheep_flooded_box
D:2:      layout_rooms, uniq_sigmund, uniq_robin

Skill      XL: |  1  2  3 |
---------------+----------+-----
Throwing       | 2 |  2.4
Axes           | 3 |  3.1
Armour         | 1 |  1.0
Fighting       | |  2.9
Dodging        | |  2.9

Action                   |  1- 3 |  4- 6 || total
-------------------------+-------+-------++-------
Melee: War axe           |    96 |    11 ||   107
Armor: Leather armour    |     7 |       ||     7
       Plate armour      |   103 |     3 ||   106
Dodge: Dodged            |    64 |     3 ||    67

Table legend: (Time is in decaauts)
 A = Elapsed time spent in this place.
 B = Non-inter-level travel time spent in this place.
 C = Inter-level travel time spent in this place.
 D = Time resting spent in this place.
 E = Time spent auto-exploring this place.
 F = Levels seen in this place.
 G = Mean time per level.
                   A        B        C        D        E       F      G
               +--------+--------+--------+--------+--------+-----+--------+
         Total |   1790 |   1771 |     19 |    366 |   1092 |   2 |  895.0 |
       Dungeon |   1790 |   1771 |     19 |    366 |   1092 |   2 |  895.0 |
               +--------+--------+--------+--------+--------+-----+--------+

Top non-repeatable levels by time:
     D:1: 1572 daAuts
     D:2: 218 daAuts
